 Dungeon Crawl Stone Soup version 0.29.1-2-gbd0b4ee654 (webtiles) character file.

Game seed: 15258522849722708568

53 GorkyZ the Chopper (level 3, 0/22 HPs)
             Began as a Gargoyle Gladiator on Nov 23, 2022.
             Slain by a goblin
             ... wielding a +0 club
             ... led by Robin
              (4 damage)
             ... on level 2 of the Dungeon.
             The game lasted 00:02:14 (1145 turns).

GorkyZ the Chopper (Gargoyle Gladiator)             Turns: 1145, Time: 00:02:14

Health: 0/22       AC:  8    Str: 19    XL:     3   Next: 87%
Magic:  3/3        EV: 12    Int:  8    God:
Gold:   92         SH:  0    Dex: 11    Spells: 2/2 levels left

rFire   . . .      SeeInvis .   a - +0 war axe
rCold   . . .      Faith    .   (no shield)
rNeg    + . .      Spirit   .   b - +0 leather armour
rPois   ∞          Reflect  .   c - +0 helmet
rElec   +          Harm     .   (no cloak)
rCorr   .          Rampage  .   l - +0 pair of gloves
Will    .....                   (no boots)
Stlth   +.........              (no amulet)
HPRegen 0.07/turn               f - ring of flight
MPRegen 0.08/turn               (no ring)

@: flying
A: sickness immunity, AC +3, negative energy resistance 1, electricity
resistance, torment resistance 1, petrification resistance
a: no special abilities


You were on level 2 of the Dungeon.
You visited 1 branch of the dungeon, and saw 2 of its levels.

You collected 92 gold pieces.

Inventory:

Hand Weapons
 a - a +0 war axe (weapon)
Missiles
 d - 5 throwing nets (quivered)
 e - a javelin
Armour
 b - a +0 leather armour (worn)
 c - a +0 helmet (worn)
 l - a +0 pair of gloves (worn)
Jewellery
 f - a ring of flight (left hand)
 j - a ring of protection from cold
Scrolls
 h - a scroll of identify {unknown}
 o - a scroll of teleportation {unknown}
 p - a scroll of brand weapon {unknown}
Potions
 g - a potion of might {unknown}
 i - a potion of heal wounds {unknown}
 k - a potion of curing {unknown}
 m - a potion of resistance {unknown}
 n - a potion of flight {unknown}


   Skills:
 + Level 2.6 Fighting
 + Level 3.0 Axes
 + Level 2.1 Throwing
 + Level 0.9 Armour
 + Level 2.6 Dodging
 + Level 1.1 Shields
 + Level 0.8 Evocations


You had 2 spell levels left.
You didn't know any spells.
Your spell library was empty.

Dungeon Overview and Level Annotations

Branches:
Dungeon (2/15)

Altars:


Innate Abilities, Weirdness & Mutations

You are immune to sickness and miasma.
Your stone body is resilient. (AC +3)
You are immune to poison.
You resist negative energy. (rN+)
You are resistant to electric shocks. (rElec)
You are resistant to unholy torment.
You are immune to petrification.


Message History

The goblin no longer looks unusually strong.
The goblin hits you but does no damage. The goblin misses you.
A goblin comes into view. It is wielding a +0 dagger.
A dart slug comes into view.
An orc priest comes into view. It is wielding a +0 hand axe.
The goblin closely misses you. The goblin hits you with a +0 club.
You are too injured to fight recklessly!
You barely miss the goblin. x2
The goblin shouts!
The orc priest shouts!
You slash the hobgoblin!
You kill the hobgoblin!
The goblin barely misses you. x2
The goblin no longer looks unusually strong.
A goblin comes into view. It is wielding a +0 club.
The goblin closely misses you.
You barely miss the goblin. You hit the goblin.
You kill the goblin!
You barely miss the goblin. You hit the goblin. The goblin closely misses you.
The goblin hits you but does no damage.
A rat comes into view.
The goblin closely misses you.
You slash the goblin!
You kill the goblin!
You closely miss the goblin. You barely miss the goblin.
The goblin completely misses you. The goblin hits you with a +0 club.
The orc priest casts a cantrip, but nothing happens.
The dart slug launches a dart at you. The slug dart hits you.
* * * LOW HITPOINT WARNING * * *
The goblin hits you with a +0 club.
* * * LOW HITPOINT WARNING * * *
The goblin barely misses you.
Your Axes skill increases to level 3!
A worm comes into view.
The goblin completely misses you. The goblin misses you.
Things that are here:
a +0 dagger; a scroll labelled NOAVISSAJOAMY; a goblin corpse The goblin attacks as you move away!
The goblin completely misses you. The goblin hits you with a +0 club.
You die...

#.........# #.........#
#.........# #.........#
###.#############
###.......#.....# #
..........#.....####.w##
#.#.......#.)).)wg......
#.#.......'.o)gg@#r....
#.#.......#.).).## ...
#.#.......####### .
#.#.......# #.#.......#
#.#.†.....# #.#.......#
#.##...#### #......#


You could see a worm, an orc priest, a dart slug and 3 goblins.

Vanquished Creatures
  Robin (D:2)
  2 orcs (D:2)
  An endoplasm (D:1)
  A giant cockroach (D:1)
  12 goblins
  3 hobgoblins
  A quokka (D:1)
  6 bats
  6 frilled lizards (D:1)
  2 kobolds (D:1)
  2 rats
37 creatures vanquished.

Notes
Turn   | Place    | Note
-------+----------+-------------------------------------------
     0 | D:1      | GorkyZ the Gargoyle Gladiator began the quest for the Orb.
     0 | D:1      | Reached XP level 1. HP: 12/12 MP: 1/1
   483 | D:1      | Reached XP level 2. HP: 17/17 MP: 2/2
  1051 | D:2      | Reached XP level 3. HP: 22/22 MP: 3/3
  1105 | D:2      | Reached skill level 1 in Shields
  1125 | D:2      | Noticed Robin
  1135 | D:2      | Killed Robin
  1144 | D:2      | Reached skill level 3 in Axes
  1145 | D:2      | Slain by a goblin

Illustrated notes

Levels and vault maps discovered:
D:1:      dpeg_arrival_rooms_with_view, layout_loops_ring
D:2:      layout_basic, shapermc_ecumenical_altar_notcrosses, serial_shops,
          shop, uniq_robin

Skill      XL: |  1  2  3 |
---------------+----------+-----
Throwing       | 2 |  2.1
Shields        | 1 |  1.1
Axes           | 3 |  3.0
Fighting       | |  2.6
Armour         | |  0.9
Dodging        | |  2.6
Evocations     | |  0.8

Action                   || total
-------------------------++-------
Melee: War axe           ||    90
Armor: Leather armour    ||    47
Dodge: Dodged            ||    91
